 Dungeon Crawl Stone Soup version 0.19.0-24-gb05acd6 (webtiles) character file.

65 smedtjen the Firebug (level 3, -1/19 HPs)
             Began as a Deep Elf Fire Elementalist on Nov 21, 2016.
             Slain by a goblin (2 damage)
             ... led by Robin
             ... on level 2 of the Dungeon.
             The game lasted 00:07:37 (1713 turns).

smedtjen the Firebug (Deep Elf Fire Elementalist)   Turns: 1713, Time: 00:07:38

Health: -1/19      AC:  3    Str:  5    XL:     3   Next: 92%
Magic:  0/9        EV: 12    Int: 20    God:
Gold:   45         SH:  0    Dex: 15    Spells: 2 memorised, 5 levels left

rFire  . . .     SeeInvis .     y - +0 dagger
rCold  . . .     Gourm    .     i - +0 leather armour
rNeg   . . .     Faith    .     (no shield)
rPois  .         Spirit   .     (no helmet)
rElec  .         Reflect  .     (no cloak)
rCorr  .         Harm     .     (no gloves)
MR     +....                    (no boots)
Stlth  ++........               (no amulet)
                                (no ring)
                                w - ring of protection from magic

@: no status effects
A: no striking features
a: no special abilities


You were on level 2 of the Dungeon.
You were not hungry.

You visited 1 branch of the dungeon, and saw 2 of its levels.

You collected 45 gold pieces.

Inventory:

Hand Weapons
 u - a +0 club
 y - a +0 dagger (weapon)
Missiles
 j - 40 poisoned needles (quivered)
 l - 2 tomahawks of returning
 q - 52 stones
Armour
 a - a +0 robe
 i - a +0 leather armour (worn)
Jewellery
 w - a ring of protection from magic (left hand)
Scrolls
 d - 2 scrolls of immolation {unknown}
 e - a scroll of identify {unknown}
 f - a scroll of noise {unknown}
 m - a scroll of recharging {unknown}
 s - 2 scrolls of fear {unknown}
 v - a scroll of remove curse {unknown}
Potions
 h - 2 potions of brilliance {unknown}
 n - a potion of might {unknown}
 p - a potion of cancellation {unknown}
 r - a potion of invisibility {unknown}
 t - a potion of flight {unknown}
Books
 b - a book of Flames

   Spells                             Type                      Level
   a - Flame Tongue                   Conjuration/Fire             1
   b - Throw Flame                    Conjuration/Fire             2
   c - Conjure Flame                  Conjuration/Fire             3
   d - Inner Flame                    Hexes/Fire                   3
   e - Sticky Flame                   Conjuration/Fire             4
   f - Fireball                       Conjuration/Fire             5
Comestibles
 c - 2 bread rations
 g - a slice of pizza
 k - a royal jelly
 o - a meat ration
 x - 4 chunks of flesh
 z - 5 fruits


   Skills:
 + Level 0.5 Armour
 + Level 3.0 Dodging
 + Level 3.0 Stealth
 + Level 3.3 Spellcasting
 + Level 1.9 Conjurations
 + Level 4.1 Fire Magic


You had 5 spell levels left.
You knew the following spells:

 Your Spells              Type           Power        Failure   Level  Hunger
a - Flame Tongue          Conj/Fire      ###..        10%         1    None
b - Throw Flame           Conj/Fire      ###...       12%         2    ##.....


Dungeon Overview and Level Annotations

Branches:
Dungeon (2/15)

Altars:

Annotations:
D:2 Robin


Message History

The hobgoblin is severely wounded.
The hobgoblin hits you with a club.
* * * LOW HITPOINT WARNING * * *
The goblin hits you.
* * * LOW HITPOINT WARNING * * *
Casting: Flame Tongue
Confirm with . or Enter, or press ? or * to list all spells.
Aiming: Flame Tongue
Press: ? - help, Shift-Dir - straight line, f/p - goblin
Aim: a goblin, wearing a leather armour (moderately wounded)
The flame tongue misses the goblin.
The goblin completely misses you.
The hobgoblin hits you but does no damage.
Casting: Flame Tongue
Confirm with . or Enter, or press ? or * to list all spells.
You don't have enough magic to cast that spell.
Unknown command.
You closely miss the hobgoblin.
The hobgoblin is severely wounded.
The goblin hits you.
You die...

# ###.## #...# #...### # #.#
#...# #.#.... #.# #...# ##.#....
#.# #####...# ##....#.. #.#
#...#...# ##†#.#.#.# #.#
#......># ##.##.....# ######.#
#...#...# #.g.g.g.... ...[...#
##.##########.##.#..###
############.###@g).........#....
##......#g##.#.#.##.##.###
#............#.#.......#
#..#......####.###...###
#..####.#.####.# ...>.#
#..####.#......#....#.. #
...........####. .. #
####.......# .# #.......#


You could see a hobgoblin and a goblin.

Vanquished Creatures
  An adder (D:2)
  2 oozes (D:1)
  2 worms (D:2)
  3 dart slugs
  2 leopard geckos
  3 giant cockroaches
  5 goblins
  2 hobgoblins (D:1)
  4 kobolds
  3 bats
  2 frilled lizards
  6 rats
35 creatures vanquished.

Notes
Turn   | Place    | Note
-------+----------+-------------------------------------------
     0 | D:1      | smedtjen the Deep Elf Fire Elementalist began the quest for the Orb.
     0 | D:1      | Reached XP level 1. HP: 10/10 MP: 6/6
   246 | D:1      | Reached XP level 2. HP: 14/15 MP: 5/8
   250 | D:1      | Learned a level 2 spell: Throw Flame
   892 | D:2      | Reached skill level 4 in Fire Magic
   974 | D:2      | Reached XP level 3. HP: 19/19 MP: 5/9
  1669 | D:2      | Noticed Robin
  1713 | D:2      | Slain by a goblin

Skill      XL: |  1  2  3 |
---------------+----------+-----
Fire Magic     | 4 |  4.1
Stealth        | 3 |  3.0
Dodging        | 3 |  3.0
Armour         | |  0.5
Spellcasting   | |  3.3
Conjurations   | |  1.9

Action                   || total
-------------------------++-------
Melee: Unarmed           ||    42
       Dagger            ||    17
 Cast: Flame Tongue      ||    43
       Throw Flame       ||    18
 Stab: Sleeping          ||     1
  Eat: Chunk             ||     3
Armor: Robe              ||     3
       Leather armour    ||    20
Dodge: Dodged            ||    49
